 Dungeon Crawl Stone Soup version 0.28-a0-895-g6e5f11bd55 (webtiles) character file.

Game seed: 6995587563945387033

129967 frimble the Geomancer (level 16, -2/193 HPs)
             Began as a Troll Warper on Nov 23, 2021.
             Was the Champion of Cheibriados.
             Slain by a redback (3 damage)
             ... on level 3 of the Spider Nest.
             The game lasted 00:30:35 (21997 turns).

frimble the Geomancer (Troll Warper)               Turns: 21997, Time: 00:30:35

Health: -2/193     AC: 30    Str: 38    XL:     16   Next: 51%
Magic:  9/22       EV: 10    Int: 29    God:    Cheibriados [******]
Gold:   2159       SH:  0    Dex: 24    Spells: 17/25 levels left

rFire   . . .      SeeInvis +     - Unarmed
rCold   . . .      Faith    .   G - +0 kite shield
rNeg    + . .      Spirit   .   (armour currently unavailable)
rPois   ∞          Reflect  .   (helmet restricted)
rElec   +          Harm     .   j - +1 cloak
rCorr   .          Rampage  .   (gloves unavailable)
Will    +....                   (boots unavailable)
Stlth   ++........              w - amulet of regeneration
HPRegen 2.42/turn               O - +4 ring of evasion
MPRegen 0.18/turn               n - ring of see invisible

@: statue-form, held, studying Shields, very slow
A: slow and powerful, torment resistance 1, boosted hp, large, unfitting armour,
claws 3, regeneration 1, (shaggy fur 1), (tough skin 1)
a: End Transformation, Renounce Religion, Bend Time, Temporal Distortion,
Slouch, Step From Time


You were on level 3 of the Spider Nest.
You worshipped Cheibriados.
Cheibriados was exalted by your worship.
You were a living statue of rough stone.
You visited 5 branches of the dungeon, and saw 27 of its levels.
You visited the Abyss 1 time.

You collected 2627 gold pieces.
You spent 468 gold pieces at shops.

Inventory:

Missiles
 a - 3 boomerangs (quivered)
 c - 7 boomerangs of dispersal
 N - 3 silver boomerangs
Armour
 j - a +1 cloak (worn)
 C - a +3 troll leather armour (melded)
 G - a +0 kite shield (worn)
Magical Staves
 D - a staff of cold
Jewellery
 i - a ring of magical power
 k - a ring of fire
 n - a ring of see invisible (right claw)
 w - an amulet of regeneration (around neck)
 A - a ring of protection from cold
 J - a +4 ring of protection
 O - a +4 ring of evasion (left claw)
 Q - a +6 ring of intelligence
Wands
 d - a wand of flame (93)
 F - a wand of charming (17)
 H - a wand of acid (14)
 K - a wand of iceblast (7)
 M - a wand of paralysis (5)
Scrolls
 b - 4 scrolls of blinking
 h - 3 scrolls of magic mapping
 p - 5 scrolls of teleportation
 q - 8 scrolls of enchant weapon
 r - 2 scrolls of amnesia
 s - a scroll of summoning
 x - 9 scrolls of identify
 y - 5 scrolls of fear
 z - 2 scrolls of fog
 B - 2 scrolls of holy word
Potions
 e - 5 potions of curing
 f - 4 potions of mutation
 g - 4 potions of flight
 l - 8 potions of lignification
 m - 6 potions of brilliance
 o - 6 potions of cancellation
 t - 2 potions of might
 u - 8 potions of heal wounds
 v - 2 potions of berserk rage
 E - 4 potions of resistance
 I - 8 potions of invisibility
 L - 2 potions of attraction
Miscellaneous
 P - a phantom mirror


   Skills:
 + Level 7.4 Fighting
 - Level 6.0 Throwing
 - Level 3.0 Armour
 - Level 4.1 Dodging
 + Level 9.4 Shields
 - Level 11.0 Unarmed Combat
 - Level 5.0 Spellcasting
 - Level 4.4 Translocations
 + Level 11.9 Transmutations
 - Level 14.0 Earth Magic
 + Level 7.6 Invocations
 + Level 2.1 Evocations


You had 17 spell levels left.
You knew the following spells:

 Your Spells              Type           Power      Damage    Failure   Level
a - Blink                 Tloc           66%        N/A       1%          2
b - Statue Form           Tmut/Erth      46%        N/A       4%          6

Your spell library contained the following spells:

 Spells                   Type           Power      Damage    Failure   Level
 Petrify                  Tmut/Erth      70%        N/A       1%          4
 Lee's Rapid Deconstruct  Erth           36%        3d19*     1%          5
 Gell's Gravitas          Tloc           33%        N/A       3%          3
 Lesser Beckoning         Tloc           33%        N/A       3%          3
 Teleport Other           Tloc           33%        N/A       3%          3
 Pain                     Necr           28%        1d5       6%          1
 Slow                     Hex            28%        N/A       6%          1
 Summon Small Mammal      Summ           28%        N/A       6%          1
 Ensorcelled Hibernation  Hex/Ice        14%        N/A       10%         2
 Yara's Violent Unravell  Hex/Tmut       20%        3d9       16%         5
 Call Canine Familiar     Summ           7%         N/A       19%         3
 Confusing Touch          Hex            7%         N/A       19%         3
 Ozocubu's Armour         Ice            7%         N/A       19%         3
 Summon Guardian Golem    Hex/Summ       7%         N/A       19%         3
 Tukima's Dance           Hex            7%         N/A       19%         3
 Iskenderun's Mystic Bla  Conj/Tloc      20%        2d6       26%         4
 Manifold Assault         Tloc           33%        N/A       28%         5
 Fulminant Prism          Conj/Hex       3%         3d6       52%         4
 Agony                    Necr           7%         N/A       86%         5
 Excruciating Wounds      Necr           3%         N/A       86%         5
 Freezing Cloud           Conj/Ice/Air   3%         6-21      86%         5
 Metabolic Englaciation   Hex/Ice        3%         N/A       86%         5
 Simulacrum               Ice/Necr       3%         N/A       100%        6
 Ozocubu's Refrigeration  Ice            3%         4d5       100%        7
 Polar Vortex             Ice            3%         N/A       100%        9


Dungeon Overview and Level Annotations

Branches:
Dungeon (15/15)            Temple (1/1) D:5            Lair (6/6) D:9
  Swamp (0/4) Lair:2       Spider (3/4) Lair:4        Slime (0/5) Lair:5
    Orc (2/2) D:11            Elf (0/3) Orc:2        Vaults (0/5) D:14
 Depths (0/4) D:15

Altars:
Ashenzari
Cheibriados
Dithmenos
Elyvilon
Fedhas
Gozag
Hepliaklqana
Kikubaaqudgha
Makhleb
Nemelex Xobeh
Okawaru
Qazlal
Ru
Sif Muna
Trog
Uskayaw
Vehumet
Wu Jian
Xom
Yredelemnul
Zin
The Shining One
Beogh

Shops:
D:14 *=   Orc:2 =(!:

Annotations:
Spider:3 Arachne


Innate Abilities, Weirdness & Mutations

You are a living statue of rough stone.
Your actions are slow, but your melee attacks are powerful.
You are resistant to unholy torment.
Your maximum health is greatly increased.
You are immune to poison.
Your equipment is partially melded.
You are too large for most types of armour.
You have claws for hands.
Your natural rate of healing is unusually fast.
((You are covered in fur. (AC +1)))
((You have tough skin. (AC +1)))


Message History

The tarantella touches you but does no damage.
The jumping spider pounces on you!
You are caught in a web!
The jumping spider bites you but does no damage.
The wolf spider completely misses you. The wolf spider barely misses you.
A wolf spider comes into view.
The moth of wrath bites you but does no damage.
Arachne hits you but does no damage.
The redback bites you but does no damage.
The demonic crawler hits you. The demonic crawler hits you!
* * * LOW HITPOINT WARNING * * *
The demonic crawler hits you but does no damage.
The tarantella touches you.
* * * LOW HITPOINT WARNING * * *
The jumping spider barely misses you.
The jumping spider bites you but does no damage.
The web tears apart.
You are standing in a thunderstorm.
The redback misses you. The jumping spider pounces on you!
* * * LOW HITPOINT WARNING * * *
You are caught in a web!
The jumping spider bites you but does no damage.
The demonic crawler hits you but does no damage.
The demonic crawler barely misses you. The demonic crawler hits you!
* * * LOW HITPOINT WARNING * * *
The wolf spider hits you but does no damage.
The wolf spider closely misses you.
The redback bites you but does no damage.
Arachne hits you but does no damage.
The tarantella touches you but does no damage.
The jumping spider pounces on you!
* * * LOW HITPOINT WARNING * * *
The jumping spider bites you but does no damage.
The demonic crawler is struck by lightning.
The demonic crawler hits you!
* * * LOW HITPOINT WARNING * * *
The demonic crawler hits you but does no damage.
The demonic crawler closely misses you. The moth of wrath barely misses you.
The wolf spider hits you!
* * * LOW HITPOINT WARNING * * *
The wolf spider closely misses you. The redback bites you.
You die...

...#.^. .......?
.................
....^...#........
......"...^...#..
..#......#.......
.........^....#..
........s<.......
.$.....sss.......
.†....§.8H.......
......†yss...#...
.....##...s......
.... ..s..^...?.
... .......ss...
.. ^......B.....
. ......^##.s#.
...#..... ..s


You could see Arachne, an entropy weaver, 2 demonic crawlers, 3 wolf spiders, a
moth of wrath, 2 orb spiders, 2 jumping spiders, a tarantella and 2 redbacks.

Vanquished Creatures
  Bai Suzhen (Spider:3)
  An emperor scorpion (Spider:1)
  Louise (Spider:2)
  The ghost of Gujan the Severer, a journeyman MiBe of Trog (Lair:6)
  Nessos (Lair:5)
  2 entropy weavers (Spider:1)
  6 dire elephants
  The ghost of Reubyar the Impaler, a journeyman MiBe of Trog (Lair:2)
  15 hydras
  5 ogre magi
  Fannar (Lair:1)
  A boulder beetle (D:13)
  A centaur warrior (D:9)
  Erica (D:8)
  An anaconda (Lair:6)
  21 two-headed ogres
  2 death yaks (Lair:6)
  2 tengu warriors (D:13)
  An orc high priest (Orc:2)
  Sonja (Lair:4)
  A spectral death yak (Lair:6)
  A spectral anaconda (Lair:6)
  An obsidian statue (Lair:6)
  3 bog bodies (Lair:2)
  A wizard (D:14)
  4 necromancers (Lair:6)
  10 orb spiders
  3 orc knights
  3 deep elf pyromancers
  An oklob plant (Lair:4)
  An orc sorcerer (Orc:2)
  3 cyclopes
  8 ugly things
  11 wolf spiders
  4 manticores
  4 centaur zombies
  A salamander (D:15)
  25 elephants
  7 black mambas
  A guardian serpent (D:14)
  6 torpor snails
  A gargoyle (D:13)
  A kobold demonologist (D:13)
  3 rime drakes
  17 cane toads
  An unseen horror (D:11)
  10 komodo dragons
  4 demonic crawlers
  A tengu conjurer (D:15)
  18 jumping spiders
  4 polar bears
  3 hornets
  7 trolls
  Prince Ribbit (D:8)
  A raiju (shapeshifter) (D:15)
  A wind drake (shapeshifter) (D:13)
  13 slime creatures
  32 blink frogs
  8 tarantellas
  2 spriggans (Lair:6)
  4 water elementals
  18 redbacks
  A yak (shapeshifter) (D:13)
  19 yaks
  4 wraiths
  A shadow (D:11)
  6 wyverns
  Grum (D:8)
  7 basilisks
  4 steam dragons
  5 vampire mosquitoes
  A spectral cane toad (Lair:6)
  4 wargs
  2 death yak simulacra (Lair:6)
  A swamp worm (Lair:2)
  3 acid dragons
  13 water moccasins
  27 orc warriors
  Duvessa (D:4)
  3 black bears
  2 sky beasts
  A boggart (Lair:6)
  32 ogres
  7 centaurs
  9 wolves
  2 elephant skeletons (Lair:6)
  Blork the orc (D:4)
  8 bullfrogs
  A gnoll sergeant (D:9)
  2 wyvern zombies
  3 scorpions
  A water moccasin zombie (D:5)
  Dowan (D:4)
  3 killer bees (D:10)
  2 water moccasin skeletons
  2 elephant simulacra (Lair:6)
  8 howler monkeys
  16 wights
  3 bullfrog zombies (D:5)
  9 electric eels
  3 hounds
  Crazy Yiuf (D:2)
  18 orc priests
  2 jellies
  4 centaur skeletons
  A gnoll shaman (D:9)
  3 iguanas
  Natasha (thrice) (D:2)
  22 orc wizards
  A hound skeleton (D:5)
  2 howler monkey zombies
  A howler monkey skeleton (D:7)
  10 gnolls
  3 adders
  2 shadow imps (D:7)
  3 worms
  A dart slug (D:4)
  80 orcs
  12 endoplasms
  7 giant cockroaches
  8 goblins
  8 hobgoblins
  11 jackals
  2 quokkas
  5 ball pythons
  7 bats
  5 frilled lizards
  4 kobolds
  4 rats
764 creatures vanquished.

Vanquished Creatures (others)
  A wolf spider (Spider:2)
  38 fungi
  37 plants
  30 withered plants (Lair:6)
106 creatures vanquished.

Grand Total: 870 creatures vanquished

Notes
Turn   | Place    | Note
-------+----------+-------------------------------------------
     0 | D:1      | frimble the Troll Warper began the quest for the Orb.
     0 | D:1      | Reached XP level 1. HP: 19/19 MP: 1/1
    87 | D:1      | Reached XP level 2. HP: 25/27 MP: 2/2
   119 | D:1      | Found a faded altar of an unknown god.
   403 | D:1      | Reached XP level 3. HP: 35/35 MP: 3/3
  1102 | D:2      | Noticed Natasha
  1111 | D:2      | Killed Natasha
  1112 | D:2      | Reached XP level 4. HP: 42/42 MP: 4/4
  1347 | D:2      | Noticed Natasha
  1352 | D:2      | Killed Natasha
  1381 | D:2      | Found a runed translucent door.
  1382 | D:2      | Noticed Crazy Yiuf
  1426 | D:2      | Noticed Natasha
  1433 | D:2      | Killed Natasha
  1654 | D:2      | Reached XP level 5. HP: 48/50 MP: 5/5
  1887 | D:2      | Killed Crazy Yiuf
  2227 | D:3      | Reached XP level 6. HP: 61/61 MP: 6/6
  2233 | D:3      | Learned a level 2 spell: Blink
  2455 | D:3      | Found an ornate altar of the Wu Jian Council.
  2577 | D:4      | Found a sacrificial altar of Ru.
  2607 | D:4      | Found a blossoming altar of Fedhas.
  2787 | D:4      | Noticed Dowan
  2790 | D:4      | Noticed Duvessa
  2794 | D:4      | Killed Dowan
  2806 | D:4      | Killed Duvessa
  2807 | D:4      | Reached skill level 5 in Unarmed Combat
  2891 | D:4      | Noticed Blork the orc
  2894 | D:4      | Reached XP level 7. HP: 67/67 MP: 7/7
  2903 | D:4      | Killed Blork the orc
  3176 | D:5      | Entered Level 5 of the Dungeon
  3221 | D:5      | Reached skill level 1 in Throwing
  3223 | D:5      | Found a staircase to the Ecumenical Temple.
  3452 | D:5      | Found an ancient bone altar of Kikubaaqudgha.
  3755 | D:5      | Reached XP level 8. HP: 56/79 MP: 8/8
  3890 | Temple   | Entered the Ecumenical Temple
  3980 | Temple   | Became a worshipper of Cheibriados the Contemplative
  3988 | Temple   | Learned a level 6 spell: Statue Form
  4193 | D:6      | Identified the +1 leather armour of Alomn {-Cast rF+ Dex+3
                  | SInv}
  4307 | D:6      | Reached skill level 1 in Transmutations
  4307 | D:6      | Reached skill level 1 in Earth Magic
  4347 | D:6      | Reached skill level 5 in Fighting
  4347 | D:6      | Reached skill level 2 in Earth Magic
  4884 | D:7      | Reached XP level 9. HP: 80/88 MP: 9/9
  5208 | D:7      | Reached * piety under Cheibriados
  5210 | D:7      | Reached skill level 3 in Earth Magic
  5316 | D:7      | Found a glowing silver altar of Zin.
  5364 | D:7      | Found an iron altar of Okawaru.
  5701 | D:8      | Reached ** piety under Cheibriados
  5791 | D:8      | Reached skill level 4 in Earth Magic
  5836 | D:8      | Noticed Prince Ribbit
  5842 | D:8      | Noticed Erica
  5868 | D:8      | Killed Erica
  5869 | D:8      | Reached skill level 5 in Throwing
  5869 | D:8      | Reached XP level 10. HP: 21/98 MP: 10/10
  5884 | D:8      | Killed Prince Ribbit
  6089 | D:8      | Noticed Grum
  6103 | D:8      | Killed Grum
  6104 | D:8      | Reached skill level 5 in Earth Magic
  6437 | D:9      | Reached *** piety under Cheibriados
  6464 | D:9      | Found a staircase to the Lair.
  6691 | D:9      | Noticed a centaur warrior
  6711 | D:9      | Killed a centaur warrior
  6791 | D:9      | Reached **** piety under Cheibriados
  6845 | D:9      | Reached XP level 11. HP: 55/107 MP: 11/11
  6885 | D:9      | Reached skill level 5 in Transmutations
  6892 | D:9      | Reached skill level 6 in Earth Magic
  7206 | D:10     | Entered Level 10 of the Dungeon
  7377 | D:10     | Noticed a two-headed ogre
  7387 | D:10     | Killed a two-headed ogre
  7388 | D:10     | Reached skill level 1 in Invocations
  7900 | D:10     | Identified a scroll of acquirement
  7900 | D:10     | Acquired 459 gold pieces
  8116 | D:11     | Reached ***** piety under Cheibriados
  8341 | D:11     | Reached skill level 7 in Earth Magic
  8584 | D:11     | Found a staircase to the Orcish Mines.
  9133 | D:12     | Noticed a two-headed ogre
  9145 | D:12     | Killed a two-headed ogre
  9326 | D:12     | Noticed a two-headed ogre
  9333 | D:12     | Killed a two-headed ogre
  9395 | D:12     | Noticed a two-headed ogre
  9403 | D:12     | Killed a two-headed ogre
  9408 | D:12     | Reached XP level 12. HP: 106/115 MP: 14/14
  9439 | D:12     | Reached skill level 8 in Earth Magic
  9749 | D:12     | Reached skill level 5 in Invocations
 10041 | Lair:1   | Entered Level 1 of the Lair of Beasts
 10365 | Lair:1   | Reached skill level 1 in Armour
 10381 | Lair:1   | Noticed Fannar
 10390 | Lair:1   | Killed Fannar
 10483 | Lair:1   | Identified the +2 robe of Liberty {Str+3 Stlth+}
 10879 | Lair:2   | Found a runed translucent door.
 11217 | Lair:2   | Noticed a seven-headed hydra
 11218 | Lair:2   | Noticed a four-headed hydra
 11276 | Lair:3   | Reached skill level 9 in Earth Magic
 11296 | Lair:3   | Reached ****** piety under Cheibriados
 11522 | Lair:3   | Reached XP level 13. HP: 71/123 MP: 17/17
 12243 | Lair:4   | Noticed Sonja
 12248 | Lair:4   | Killed Sonja
 12383 | Lair:4   | Reached skill level 10 in Earth Magic
 12475 | Lair:4   | Found a hole to the Spider Nest.
 12837 | Lair:5   | Noticed Nessos
 12844 | Lair:5   | Killed Nessos
 13059 | Lair:5   | Reached skill level 10 in Unarmed Combat
 13075 | Lair:5   | Found a staircase to the Slime Pits.
 13330 | Lair:5   | Found a snail-covered altar of Cheibriados.
 13760 | Lair:6   | Entered Level 6 of the Lair of Beasts
 13800 | Lair:6   | Found a runed translucent door.
 13801 | Lair:6   | Noticed Gujan's ghost (journeyman MiBe)
 13801 | Lair:6   | Identified the +7 trident of Eternal Harmony {pain, Stlth+}
 13879 | Lair:6   | Reached XP level 14. HP: 131/131 MP: 16/18
 14056 | Lair:6   | Reached skill level 11 in Earth Magic
 15235 | Lair:6   | Killed Gujan's ghost
 15236 | Lair:6   | Reached skill level 10 in Transmutations
 15369 | Lair:2   | Reached skill level 12 in Earth Magic
 15885 | Lair:2   | Found a staircase to the Swamp.
 15948 | Lair:2   | Noticed Reubyar's ghost (journeyman MiBe)
 15956 | Lair:2   | Killed Reubyar's ghost
 16109 | Orc:1    | Entered Level 1 of the Orcish Mines
 16388 | Orc:2    | Entered Level 2 of the Orcish Mines
 16407 | Orc:1    | Reached skill level 1 in Shields
 16437 | Orc:2    | Reached XP level 15. HP: 111/139 MP: 7/21
 16749 | Orc:1    | Found a shimmering blue altar of Sif Muna.
 16870 | Orc:2    | Reached skill level 5 in Spellcasting
 16894 | Orc:2    | Paralysed by an ogre mage for 2 turns
 17016 | Orc:2    | Found Uqilyo's Weapon Boutique.
 17016 | Orc:2    | Found Seh Mugh's Jewellery Shoppe.
 17017 | Orc:2    | Found Buimiege's Book Emporium.
 17017 | Orc:2    | Found Plog's Distillery.
 17025 | Orc:2    | Bought a potion of heal wounds for 60 gold pieces
 17025 | Orc:2    | Bought 2 potions of mutation for 192 gold pieces
 17025 | Orc:2    | Bought a potion of mutation for 96 gold pieces
 17025 | Orc:2    | Bought 2 potions of berserk rage for 120 gold pieces
 17114 | Orc:2    | Found a staircase to the Elven Halls.
 17471 | D:13     | Reached skill level 5 in Shields
 18224 | D:13     | Reached skill level 13 in Earth Magic
 18520 | D:14     | Found Edihe's Jewellery Shoppe.
 18576 | D:14     | Cast into level 2 of the Abyss (a wizard)
 18611 | Abyss:2  | Noticed a tentacled starspawn
 18626 | D:14     | Escaped the Abyss
 18668 | D:14     | Found a gate to the Vaults.
 19033 | D:14     | Found Zesuody's Serpentskin Sales.
 19200 | D:15     | Entered Level 15 of the Dungeon
 19229 | D:15     | Identified the +5 ring mail of Understanding {rC+ Dex+3
                  | SInv}
 19888 | D:15     | Found a staircase to the Depths.
 19949 | D:15     | Reached XP level 16. HP: 146/146 MP: 17/22
 20597 | Spider:1 | Entered Level 1 of the Spider Nest
 21518 | Spider:2 | Noticed Louise
 21531 | Spider:2 | Reached skill level 1 in Evocations
 21559 | Spider:2 | Killed Louise
 21981 | Spider:3 | Noticed Arachne
 21981 | Spider:3 | Noticed Bai Suzhen
 21991 | Spider:3 | Reached skill level 14 in Earth Magic
 21995 | Spider:3 | Killed Bai Suzhen
 21997 | Spider:3 | HP: 9/193 [demonic crawler (12)]
 21997 | Spider:3 | HP: 1/193 [wolf spider (8)]
 21997 | Spider:3 | Slain by a redback

Illustrated notes

Levels and vault maps discovered:
D:1:      saegor_arrival_under_anarchy, layout_basic,
          ebering_ecumenical_altar_box
D:2:      layout_loops_corners, serial_forest, infiniplex_forest_zigzag_1,
          infiniplex_forest_clump_small, infiniplex_forest_clump_tiny,
          infiniplex_forest_clump_medium, infiniplex_forest_straight_4,
          infiniplex_forest_clump_cross, infiniplex_forest_lined_room_2,
          infiniplex_forest_straight_4, infiniplex_forest_clump_medium,
          serial_bayou_lagoon_b, uniq_natasha, uniq_crazy_yiuf_cottage
D:3:      layout_rooms, lemuel_coloured_pillars_altar, kennysheep_nondescript,
          corexii_hall_statues_s
D:4:      layout_cave_pools, mainiacjoe_overflow_two_lobes, uniq_duvessa,
          uniq_blork_the_orc
D:5:      layout_loops_ring, kiku_gazebo_pond_becter, minmay_temple_entry_waves
D:6:      layout_loops_ring
D:7:      minmay_octagon_keep, layout_cave_pools,
          mainiacjoe_overflow_surrounded_room, okawaru_altar_gauntlet_db,
          amcnicky_mini_pool_small
D:8:      layout_rooms, chequers_serial_rivers_small_3, hex_medium, uniq_grum,
          uniq_prince_ribbit1, uniq_erica
D:9:      layout_loops_ring, erik_lair_orcish_takeover, lightli_fourway_metalbox
D:10:     layout_roguey
D:11:     layout_basic, david_orc_5
D:12:     layout_gridville
D:13:     layout_basic
D:14:     layout_roguey, david_vaults_1, serial_shops, nicolae_shop_stone,
          hangedman_decor_lopped, guppyfry_shop_venom
D:15:     hangedman_depths_entry_try_elsewhere_first, layout_layer_cave,
          minmay_misc_feat_more_columns
Temple:   lightli_temple_of_artemis
Lair:1:   layout_hall_layers, uniq_fannar
Lair:2:   layout_gridlike, nicolae_swamp_entry_splash_gauntlet,
          ebering_ghost_reflecting_pool, hangedman_lair_generics_rect
Lair:3:   layout_gridlike
Lair:4:   layout_cave_shapes, dummy_spider_entry, minmay_lair_oklob_bushes,
          chequers_serial_rivers_micro_b, uniq_sonja
Lair:5:   layout_regular_city, nicolae_slime_entry_slimehenge,
          kennysheep_snail_temple, uniq_nessos
Lair:6:   due_jungle_book, layout_cave_pods, ebering_ghost_funeral_grove,
          serial_bayou_shore_b
Spider:1: layout_spider_delve, hangedman_spider_tarantella_strand
Spider:2: layout_spider_delve, spiders_nest_hornet_nest, uniq_louise
Spider:3: layout_spider_delve, nicolae_spider_orb_run, uniq_arachne,
          uniq_bai_suzhen
Orc:1:    layout_caves, kennysheep_orc_sif_temple
Orc:2:    st_orc_ogre_mass, layout_caves

Skill      XL: |  1  2  3  4  5  6  7  8  9 10 11 12 13 14 15 16 |
---------------+-------------------------------------------------+-----
Unarmed Combat | 3 4 5 6 7 8 10 11 | 11.0
Fighting       | 2 3 4 5 6 7 |  7.4
Translocations | 3 4 |  4.4
Throwing       | 2 3 5 6 |  6.0
Transmutations | 2 3 4 6 7 9 10 11 | 11.9
Earth Magic    | 2 4 5 7 9 10 12 13 14 | 14.0
Dodging        | 3 4 |  4.1
Invocations    | 4 6 7 |  7.6
Armour         | 3 |  3.0
Spellcasting   | 2 4 5 |  5.0
Shields        | 1 8 9 |  9.4
Evocations     | 2 |  2.1

Action                   |  1- 3 |  4- 6 |  7- 9 | 10-12 | 13-15 | 16-18 || total
-------------------------+-------+-------+-------+-------+-------+-------++-------
Melee: Unarmed           |    98 |   134 |   367 |   655 |   788 |   137 ||  2179
       Punch             |     2 |     1 |    13 |    47 |    42 |       ||   105
Throw: Boomerang         |       |       |     6 |    41 |    21 |    36 ||   104
 Cast: Blink             |       |     1 |     2 |     6 |    12 |       ||    21
       Statue Form       |       |       |       |       |    52 |     8 ||    60
Invok: Slouch            |       |       |       |       |     8 |     6 ||    14
Evoke: Wand              |       |       |       |     7 |     4 |       ||    11
  Use: Scroll            |     3 |     3 |    11 |    12 |     5 |     1 ||    35
       Potion            |       |       |     2 |     3 |       |       ||     5
 Stab: Sleeping          |     2 |       |       |     5 |     2 |       ||     9
       Distracted        |       |       |     1 |     1 |     1 |       ||     3
Armor: Robe              |    41 |    59 |    84 |       |       |       ||   184
       Acid dragon scale |       |       |    72 |   176 |       |       ||   248
       Steam dragon scal |       |       |     8 |       |       |       ||     8
       Skin              |       |       |       |     2 |   806 |   192 ||  1000
       Troll leather arm |       |       |       |   139 |   153 |    27 ||   319
Dodge: Dodged            |    48 |    60 |   189 |   491 |   857 |   237 ||  1882
Block: Kite shield       |       |       |       |       |       |   172 ||   172

Table legend: (Time is in decaauts)
 A = Elapsed time spent in this place.
 B = Non-inter-level travel time spent in this place.
 C = Inter-level travel time spent in this place.
 D = Time resting spent in this place.
 E = Time spent auto-exploring this place.
 F = Levels seen in this place.
 G = Mean time per level.
                   A        B        C        D        E       F      G
               +--------+--------+--------+--------+--------+-----+--------+
         Total |  34944 |  32785 |   2159 |     91 |  26359 |  28 | 1248.0 |
       Dungeon |  18874 |  17362 |   1512 |     91 |  14105 |  15 | 1258.3 |
        Temple |    119 |     97 |     22 |      0 |     76 |   1 |  119.0 |
          Lair |  10907 |  10427 |    480 |      0 |   8435 |   6 | 1817.8 |
   Spider Nest |   2606 |   2556 |     50 |      0 |   2031 |   3 |  868.7 |
  Orcish Mines |   2315 |   2221 |     94 |      0 |   1705 |   2 | 1157.5 |
         Abyss |    121 |    121 |      0 |      0 |      6 |   1 |  121.0 |
               +--------+--------+--------+--------+--------+-----+--------+

Top non-repeatable levels by time:
  Lair:6: 2789 daAuts
    D:15: 2346 daAuts
    D:13: 2069 daAuts
    D:11: 2058 daAuts
  Lair:2: 1968 daAuts
  Lair:5: 1759 daAuts
Spider:1: 1748 daAuts
  Lair:3: 1742 daAuts
    D:12: 1581 daAuts
  Lair:1: 1458 daAuts
     D:9: 1383 daAuts
    D:14: 1335 daAuts
    D:10: 1302 daAuts
     D:2: 1278 daAuts
  Lair:4: 1189 daAuts
